 Dungeon Sprint DCSS version 0.31-a0-881-ge136f0c47a (webtiles) character file.

Game seed: 6194693692932260786

10 rocky1 the Poker (level 2, -1/23 HPs)
             Began as a Demonspawn Gladiator on Oct 16, 2023.
             Slain by a water moccasin (6 damage)
             ... in the Dungeon (Sprint II: "The Violet Keep of Menkaure").
             The game lasted 00:00:27 (64 turns).

rocky1 the Poker (Demonspawn Gladiator)               Turns: 64, Time: 00:00:28

Health: -1/23      AC:  4    Str: 14    XL:     2   Next: 10%
Magic:  2/2        EV: 12    Int:  9    God:
Gold:   243        SH:  0    Dex: 14    Spells: 1/1 levels left

rFire   . . .        a - +0 trident
rCold   . . .        (no shield)
rNeg    . . .        b - +0 leather armour
rPois   .            c - +0 helmet
rElec   .            (no cloak)
rCorr   .            (no gloves)
SInv    .            (no boots)
Will    .....        (no amulet)
Stlth   +            (no ring)
HPRegen 0.23/turn    (no ring)
MPRegen 0.08/turn

%: no teleportation
@: lethally poisoned (-1 -> -5)
A: powered by pain 1
a: no special abilities


You were in the Dungeon.
You visited 1 branch You collected 243 gold pieces.

Inventory:

Hand Weapons
 a - a +0 trident (weapon)
Missiles
 d - 2 throwing nets (quivered)
 e - a javelin
Armour
 b - a +0 leather armour (worn)
 c - a +0 helmet (worn)
Scrolls
 k - a scroll of blinking
Potions
 f - a potion of curing
 g - a potion of heal wounds
 h - a potion of haste
 i - 2 potions of magic
 j - a potion of berserk rage


   Skills:
 + Level 2.3 Fighting
 + Level 3.8 Polearms
 + Level 2.1 Throwing
 + Level 3.3 Dodging
 + Level 0.8 Stealth


You had one spell level left.
You didn't know any spells.
Your spell library was empty.

Dungeon Overview and Level Annotations

Branches:
Dungeon (1/1)

Altars:
Cheibriados
Dithmenos
Fedhas
Gozag
Hepliaklqana
Kikubaaqudgha
Makhleb
Nemelex Xobeh
Okawaru
Qazlal
Ru
Sif Muna
Trog
Uskayaw
Vehumet
Wu Jian
Xom
Yredelemnul
Jiyva
Lugonu

Annotations:
D Menkaure


Innate Abilities, Weirdness & Mutations

You sometimes gain a little power by taking damage.


Message History

Found 243 gold pieces.
You now have 243 gold pieces.
You open the door.
There is an open door here.
Menkaure, Prince of Dust comes into view.
Menkaure moves out of view.
Found a snail-covered altar of Cheibriados.
Found a shadowy altar of Dithmenos.
Found four altars.
Found three altars.
You enter the shallow water.
Moving in this stuff is going to be slow.
Found three altars.
You are engulfed in a cloud of scalding steam.
A water moccasin comes into view.
Found a sparkling altar of Nemelex Xobeh and a hide-covered altar of Uskayaw.
You open the door.
Found a basalt altar of Yredelemnul.
Found 20 gold pieces, a scroll labelled IPLAXZI GUEBO and a robe.
Found six altars.
There is an open door here.
Found eight items.
Found three altars.
The water moccasin fails to trigger a net trap.
Found six items.
You reach to attack!
You hit the water moccasin.
The water moccasin is almost dead.
You miss the water moccasin.
The water moccasin is almost dead.
The water moccasin bites you.
You are poisoned.
The water moccasin poisons you! The water moccasin bites you.
You barely miss the water moccasin.
The water moccasin is almost dead.
You feel very sick. The water moccasin bites you.
You closely miss the water moccasin.
The water moccasin is almost dead.
* * * LOW HITPOINT WARNING * * *
You feel sick. The water moccasin bites you.
You die... ...# ...# ###..## #.^# [[(?! ###.##..# +..# ))!([

##...#..# #..# ▓![$(!
.†##.'..####.^### ▓$?[[$
##.###.§..###...##▓▓▓▓▓▓
###.##.§....~~~~~~~~~~~~
###~§.§...~#'########+
#~~~~~~~..~#.S@.._._#~
#~~~~~§~~.~#...._._.#~
#§~~≈≈§~~~§~#..._._._#~
§~~§~§§§§~~~#.._._._.#~
§§#§§≈§≈≈≈§~#._._._._#§
##§≈≈###≈≈#_._._._.#§
#§§#._._._..#§
#§§#.._._._.#~


You could see a water moccasin.

Vanquished Creatures
  3 worms (D)
3 creatures vanquished.

Notes
Turn   | Place    | Note
-------+----------+-------------------------------------------
     0 | D        | rocky1 the Demonspawn Gladiator began the quest for the
                  | Orb.
     0 | D        | Reached XP level 1. HP: 16/16 MP: 1/1
    37 | D        | Gained mutation: You sometimes gain a little power by
                  | taking damage. [demonic ancestry]
    37 | D        | Reached XP level 2. HP: 23/23 MP: 2/2
    51 | D        | Noticed Menkaure
    51 | D        | Found a snail-covered altar of Cheibriados.
    52 | D        | Found a shadowy altar of Dithmenos.
    53 | D        | Found an ancient bone altar of Kikubaaqudgha.
    53 | D        | Found a viscous altar of Jiyva.
    54 | D        | Found a blossoming altar of Fedhas.
    54 | D        | Found a corrupted altar of Lugonu.
    54 | D        | Found a shimmering blue altar of Sif Muna.
    55 | D        | Found an opulent altar of Gozag.
    55 | D        | Found a burning altar of Makhleb.
    55 | D        | Found a bloodstained altar of Trog.
    56 | D        | Found a sparkling altar of Nemelex Xobeh.
    56 | D        | Found a hide-covered altar of Uskayaw.
    56 | D        | Noticed a water moccasin
    57 | D        | Found a basalt altar of Yredelemnul.
    58 | D        | Found an iron altar of Okawaru.
    58 | D        | Found a radiant altar of Vehumet.
    58 | D        | Found a hazy altar of Hepliaklqana.
    58 | D        | Found a sacrificial altar of Ru.
    58 | D        | Found a shimmering altar of Xom.
    59 | D        | Found a stormy altar of Qazlal.
    59 | D        | Found an ornate altar of the Wu Jian Council.
    64 | D        | Slain by a water moccasin

Illustrated notes

Levels and vault maps discovered:
D:        the_violet_keep_of_menkaure [sprint2_stairs_cluster_1,
          sprint2_shoproom, sprint2_temple, sprint2_basic_supplies,
          sprint2_obstacle_6, sprint2_obstacle_4, sprint2_obstacle_3,
          sprint2_obstacle_1, sprint2_obstacle_7, sprint2_timed_cluster_1,
          sprint2_smallroom_cluster_1, sprint2_smallroom_final_cluster_1,
          sprint2_transparent_cluster_1, sprint2_second_timed_cluster_1,
          sprint2_sniper_area_1, sprint2_heavy_combat_area_1,
          sprint2_mutation_trap_area_1, sprint2_forest_area_1,
          sprint2_light_combat_area_1, sprint2_behind_water_1,
          sprint2_near_end_vault_1]

Skill      XL: |  1 |
---------------+----+-----
Polearms       | 3 |  3.8
Dodging        | 3 |  3.3
Throwing       | 2 |  2.1
Fighting       | |  2.3
Stealth        | |  0.8

Action                     || total
---------------------------++-------
  Melee: Trident           ||    35
  Throw: Throwing net      ||     2
   Stab: Held in net/web   ||     3
 Armour: Leather armour    ||     7
  Dodge: Dodged            ||     5

Table legend: (Time is in decaauts)
 A = Elapsed time spent in this place.
 B = Non-inter-level travel time spent in this place.
 C = Inter-level travel time spent in this place.
 D = Time resting spent in this place.
 E = Time spent auto-exploring this place.
 F = Levels seen in this place.
 G = Mean time per level.
                   A        B        C        D        E       F      G
               +--------+--------+--------+--------+--------+-----+--------+
         Total |     70 |     70 |      0 |      0 |      0 |   1 |   70.0 |
       Dungeon |     70 |     70 |      0 |      0 |      0 |   1 |   70.0 |
               +--------+--------+--------+--------+--------+-----+--------+

Top non-repeatable levels by time:
       D: 70 daAuts
